 Dungeon Crawl Stone Soup version 0.17.0-73-gb648821 (webtiles) character file.

131240 ketsa the Lord of Darkness (level 16, -6/122 HPs)
             Began as a Demonspawn Necromancer on Dec 9, 2015.
             Was the Champion of Kikubaaqudgha.
             Killed from afar by Nikola (26 damage)
             ... with a chain lightning
             ... on level 3 of the Spider Nest on Dec 10, 2015.
             The game lasted 04:28:43 (45711 turns).

ketsa the Lord of Darkness (DsNe)                  Turns: 45711, Time: 04:28:44

Health: -6/122     AC: 21    Str: 11    XL:     16   Next: 54%
Magic:  11/31      EV: 19    Int: 24    God:    Kikubaaqudgha [******]
Gold:   2222       SH:  0    Dex: 16    Spells: 10 memorised, 6 levels left

rFire  . . .     SeeInvis .     c - +2 short sword (elec)
rCold  . . .     Clarity  +     r - +2 leather armour {MR+}
rNeg   + . .     SustAt   .     (no shield)
rPois  .         Gourm    .     V - +2 hat {MR+}
rElec  .         Spirit   .     l - +2 cloak of the Jolly Beds {Str+2 Int+3}
rCorr  +         Warding  .     N - +1 pair of gloves
rMut   .         Stasis   .     e - +1 pair of boots
MR     +++..                    o - amulet of clarity
Stlth  ++........               a - ring of positive energy
                                I - +2 ring of protection

@: extremely resistant to hostile enchantments, unstealthy
A: hooves 2, yellow scales 3, breathe flames 1, powered by pain 2, spiny 2
a: Receive Corpses, Torment, Brand Weapon With Pain, Receive Necronomicon,
Renounce Religion, Breathe Fire


You were on level 3 of the Spider Nest.
You worshipped Kikubaaqudgha.
Kikubaaqudgha was exalted by your worship.
You were hungry.

You visited 8 branches of the dungeon, and saw 37 of its levels.

You collected 3233 gold pieces.
You spent 1011 gold pieces at shops.

Inventory:

Hand Weapons
 c - a +2 short sword of electrocution (weapon)
 B - a +2 dagger of flaming
 F - a +3 short sword of piercing
Armour
 e - a +1 pair of boots (worn)
 l - the +2 cloak of the Jolly Beds (worn) {Str+2 Int+3}
   (You found it on level 2 of the Swamp)

   It affects your strength (+2).
   It affects your intelligence (+3).
 r - a +2 leather armour of magic resistance (worn)
 v - a troll hide
 N - a +1 pair of gloves (worn)
 V - a +2 hat of magic resistance (worn)
Magical Staves
 j - an uncursed staff of poison
 z - an uncursed staff of conjuration
Jewellery
 a - a ring of positive energy (right hand)
 d - an uncursed amulet of regeneration
 h - an uncursed amulet of guardian spirit
 o - an amulet of clarity (around neck)
 s - an uncursed ring of stealth
 D - an uncursed ring of ice
 I - a +2 ring of protection (left hand)
 K - a +4 ring of strength
 O - an uncursed ring of protection from fire
 P - an uncursed ring of see invisible
 R - an uncursed ring of wizardry
 W - an uncursed ring of flight
Wands
 m - a wand of teleportation (6)
 A - a wand of digging (23)
 M - a wand of enslavement (14)
Scrolls
 i - 2 scrolls of remove curse
 k - 3 scrolls of identify
 y - a scroll of fog
 H - 7 scrolls of magic mapping
 L - 2 scrolls of enchant armour
 Q - 7 scrolls of teleportation
Potions
 f - 21 potions of curing
 g - a potion of resistance
 n - 4 potions of might
 q - 3 potions of haste
 t - 4 potions of heal wounds
 u - 2 potions of agility
 G - a potion of brilliance
Books
 w - a book of Clouds

   Spells                             Type                      Level
   a - Mephitic Cloud                 Conjuration/Poison/Air       3
   b - Conjure Flame                  Conjuration/Fire             3
   c - Poisonous Cloud                Conjuration/Poison/Air       6
   d - Freezing Cloud                 Conjuration/Ice/Air          6
   e - Ring of Flames                 Charms/Fire                  7
 C - Kikubaaqudgha's Guide on Black Secrets
   (Kikubaaqudgha gifted it to you on level 1 of the Lair of Beasts)

   Spells                             Type                      Level
   a - Excruciating Wounds            Charms/Necromancy            5
   b - Agony                          Necromancy                   5
   c - Cigotuvi's Embrace             Necromancy                   5
   d - Dispel Undead                  Necromancy                   5
   e - Simulacrum                     Ice/Necromancy               6
 E - a book of Death

   Spells                             Type                      Level
   a - Corpse Rot                     Necromancy                   2
   b - Sublimation of Blood           Necromancy                   2
   c - Agony                          Necromancy                   5
   d - Dispel Undead                  Necromancy                   5
   e - Excruciating Wounds            Charms/Necromancy            5
   f - Bolt of Draining               Conjuration/Necromancy       5
 U - Kikubaaqudgha's Compendium of Evil
   (Kikubaaqudgha gifted it to you on level 7 of the Dungeon)

   Spells                             Type                      Level
   a - Pain                           Necromancy                   1
   b - Corpse Rot                     Necromancy                   2
   c - Sublimation of Blood           Necromancy                   2
   d - Regeneration                   Charms/Necromancy            3
   e - Control Undead                 Necromancy                   4
Miscellaneous
 p - a lantern of shadows
 x - a lamp of fire
 Y - a sack of spiders
Comestibles
 b - 3 royal jellies
 J - 10 meat rations
 S - 9 bread rations
 T - 4 beef jerkies
 X - 2 slices of pizza


   Skills:
 + Level 10.3 Fighting
 - Level 9.0 Short Blades
 - Level 1.3 Staves
 - Level 4.0 Armour
 + Level 11.3 Dodging
 - Level 1.7 Stealth
 + Level 11.3 Spellcasting
 + Level 9.8 Conjurations
 + Level 8.6 Charms
 + Level 15.0 Necromancy
 - Level 3.5 Air Magic
 - Level 4.0 Poison Magic
 - Level 5.7 Evocations


You had 6 spell levels left.
You knew the following spells:

 Your Spells              Type           Power        Failure   Level  Hunger
a - Pain                  Necr           ####         0%          1    None
b - Animate Skeleton      Necr           N/A          0%          1    None
c - Vampiric Draining     Necr           ######....   1%          3    None
d - Regeneration          Chrm/Necr      ######....   1%          3    None
e - Animate Dead          Necr           N/A          1%          4    None
f - Control Undead        Necr           ######....   1%          4    None
g - Sublimation of Blood  Necr           ######....   1%          2    None
h - Mephitic Cloud        Conj/Pois/Air  #####...     1%          3    None
i - Agony                 Necr           ######..     1%          5    ####...
j - Bolt of Draining      Conj/Necr      ######....   1%          5    ####...


Dungeon Overview and Level Annotations

Branches:
Dungeon (15/15)            Temple (1/1) D:7            Lair (8/8) D:9
  Swamp (3/4) Lair:4       Spider (4/4) Lair:5        Slime (0/6) Lair:7
    Orc (4/4) D:9             Elf (1/3) Orc:4        Vaults (0/5) D:14
 Depths (1/5) D:15

Altars:
Elyvilon
Fedhas
Kikubaaqudgha
Makhleb
Nemelex Xobeh
Qazlal
Ru
Sif Muna
Trog
Xom
Yredelemnul
Zin
The Shining One
Beogh
Jiyva

Shops:
D:9 *   D:13 ?   Orc:2 *   Orc:4 ([!(

Annotations:
D:9 exclusion: downstairs
Swamp:3 Mara
Spider:2 exclusion: 2 downstairs
Spider:3 Nikola


Innate Abilities, Weirdness & Mutations

You have hoof-like feet.
You are completely covered in yellow scales (AC +4, rCorr).
You sometimes gain power by taking damage.
You are mostly covered in sharp spines.
You can breathe flames.


Message History

Your spider zombie bites Nikola.
Nikola hits your spider zombie with a rapier of electrocution.
Your spider zombie bites Nikola!
Your spider zombie barely misses Nikola.
Your spider zombie closely misses Nikola.
Your spider zombie bites Nikola but does no damage.
Nikola points at you and mumbles some strange words.
The bolt of lightning hits your spider zombie.
Your spider zombie is destroyed!
The bolt of lightning hits you!
* * * LOW HITPOINT WARNING * * *
You are feeling hungry.
Your spider zombie bites Nikola.
Nikola mumbles some strange words.
You hear a mighty clap of thunder!
The lightning arc hits your spider zombie. x2
Your spider zombie is destroyed!
The lightning arc hits you!
You die...
Kikubaaqudgha rasps: "You have failed me!
Welcome... death!"

###..............#........§§
#...^.#......#...##.^.#..§§§
##^.^.....#.<...###.^##....§
###...............#..#$....
##................##....#
##..#..###.@..............
##...######.^............#.
##..............#.....#.....
#....#....^@....#...........
#............(..............
##^....#.<............
##.....##....#.....^#...
#^......................
#...^...^.........^.....
#...#....#.....#..^#...
#.####......#..##.##### ###
#.#...###.# ##


You could see Nikola.

Vanquished Creatures
  Jorgrun (Swamp:2)
  Asterion (Spider:4)
  Frances (Lair:4)
  The ghost of Nicoed the Alchemist, an adept DrTm of Makhleb (D:15)
  An orc warlord (Orc:4)
  Snorg (D:12)
  An ettin (D:15)
  Josephine (D:11)
  Fannar (D:11)
  7 hydras
  3 centaur warriors
  2 alligators
  A tengu warrior (D:14)
  An orc high priest (Orc:4)
  Nergalle (Lair:3)
  A shadow wraith (D:14)
  A deep troll (D:14)
  4 unseen horrors
  12 hill giants
  2 orc knights
  A swamp dragon (Swamp:2)
  6 wolf spiders
  2 orb spiders
  A cyclops (D:13)
  A griffon (Lair:7)
  3 orc sorcerers
  A moth of wrath (Spider:4)
  A hornet (Spider:4)
  5 ugly things
  The ghost of MordorOrchid the Covert, a novice SpEn (D:8)
  3 manticores
  6 elephants
  Maurice (D:11)
  4 black mambas
  20 spiny frogs
  5 komodo dragons
  A kobold demonologist (D:13)
  A fire drake (Lair:8)
  2 efreet
  2 freezing wraiths
  7 demonic crawlers
  A jumping spider (Spider:2)
  5 polar bears (Lair:8)
  A two-headed ogre (D:14)
  2 slime creatures (D:14)
  6 giant leeches
  A bog body (Swamp:2)
  7 trolls
  14 blink frogs
  A boulder beetle (Lair:8)
  A trapdoor spider zombie (D:11)
  5 deep elf magi
  3 wyverns
  15 redbacks
  3 fire bats (Lair:7)
  38 yaks
  10 tarantellas
  9 wraiths
  12 trapdoor spiders
  3 shadows
  Eustachio (D:6)
  A spriggan (Swamp:2)
  8 vampire mosquitoes
  2 hungry ghosts
  A basilisk (Lair:1)
  11 hippogriffs
  A soldier ant (D:8)
  6 wargs
  7 insubstantial wisps
  30 wolves
  15 water moccasins
  12 swamp worms
  2 hell hounds (Lair:8)
  A mottled dragon (D:13)
  Duvessa (D:6)
  2 wasps
  8 porcupines
  33 orc warriors
  16 spiders
  4 ice beasts
  7 black bears (Lair:8)
  4 necrophages
  4 sky beasts
  2 swamp drakes (Swamp:1)
  5 centaurs
  2 phantoms (D:4)
  11 ogres
  An eye of draining (D:13)
  7 big kobolds
  A gnoll sergeant (D:9)
  26 giant frogs
  13 crocodiles
  Dowan (D:5)
  2 wyvern zombies
  2 scorpions
  2 killer bees (D:13)
  15 wights
  3 vampire bats (Lair:2)
  An electric eel (Lair:4)
  3 giant frog zombies
  6 centaur skeletons
  3 centaur zombies
  13 hounds
  6 jellies
  8 crimson imps
  A gnoll shaman (D:6)
  A worker ant (shapeshifter) (D:14)
  15 orc priests
  Ijyb (D:2)
  A giant frog skeleton (D:10)
  9 iguanas
  2 quasits
  36 orc wizards
  12 worker ants
  30 sheep
  A worker ant zombie (D:5)
  Robin (D:2)
  8 gnolls (D:6)
  13 adders
  3 shadow imps
  50 river rats
  An ooze (D:2)
  An adder zombie (D:9)
  6 worms
  8 giant geckos
  184 orcs
  17 bats
  A giant cockroach (D:1)
  13 goblins
  11 hobgoblins
  19 jackals
  3 ball pythons
  A giant gecko zombie (D:5)
  2 giant newts
  A jackal zombie (D:7)
  25 kobolds
  9 quokkas
  A quokka skeleton (D:7)
  A quokka zombie (D:5)
  8 rats
  3 fungi (D:9)
1064 creatures vanquished.

Vanquished Creatures (collateral kills)
  Arachne (Spider:3)
  The ghost of hadoken the Slayer, an adept CeFi of Trog (Spider:4)
  Gastronok (Lair:1)
  A frost giant (Depths:1)
  An orc warlord (Orc:2)
  A rakshasa (D:15)
  4 hydras
  An entropy weaver (Depths:1)
  The ghost of Uberwunderbarhen the Cleaver, a journeyman OpFi of Makhleb (Lair:1)
  An ogre mage (D:15)
  2 alligators
  A tengu warrior (D:15)
  2 iron golems
  2 spriggan druids (Swamp:2)
  3 hill giants
  An orc knight (Orc:4)
  3 wolf spiders
  4 orb spiders
  3 griffons
  An orc sorcerer (Orc:4)
  2 ugly things
  A black mamba (Lair:8)
  4 elephants (Lair:8)
  A moth of wrath (Spider:2)
  A centaur skeleton (D:14)
  7 spiny frogs
  2 komodo dragons
  5 demonic crawlers
  3 polar bears (Lair:8)
  2 trolls
  3 jumping spiders
  3 blink frogs
  A two-headed ogre (D:13)
  A bog body (Swamp:1)
  2 slime creatures (D:14)
  A raiju (Lair:8)
  3 redbacks
  A shadow (D:15)
  4 trapdoor spiders
  18 yaks
  2 tarantellas
  A wyvern (D:14)
  A spriggan (Swamp:2)
  A wraith (D:14)
  A hungry ghost (D:13)
  A harpy simulacrum (D:14)
  A basilisk (Lair:8)
  3 hippogriffs
  3 wargs (Lair:8)
  2 insubstantial wisps
  4 water moccasins
  5 swamp worms
  8 wolves
  4 porcupines
  2 hell hounds (Lair:8)
  5 black bears (Lair:8)
  3 orc warriors
  A phantom (D:12)
  2 ogres
  6 spiders
  5 crocodiles
  A big kobold (D:9)
  A brain worm (D:13)
  3 giant frogs
  2 killer bees (D:13)
  A centaur zombie (D:7)
  3 crimson imps
  A giant frog zombie (D:10)
  4 orc priests
  5 hounds (Lair:8)
  An orc wizard (Orc:4)
  An iguana (Lair:4)
  3 worker ants
  3 sheep
  6 river rats
  An ooze (D:3)
  19 orcs
  2 bats (D:2)
  3 goblins
  A jackal (Lair:8)
  A giant gecko skeleton (D:4)
  A bush (Lair:8)
  A butterfly (D:5)
  6 fungi
  2 plants (Lair:8)
233 creatures vanquished.

Vanquished Creatures (others)
  An orc warrior (Orc:4)
  2 spiders (Spider:3)
  A centaur (D:11)
  An orc wizard (Orc:3)
  A bush (Lair:4)
  12 fungi
  16 plants
34 creatures vanquished.

Grand Total: 1331 creatures vanquished

Notes
Turn   | Place    | Note
--------------------------------------------------------------
     0 | D:1      | ketsa the Demonspawn Necromancer began the quest for the Orb.
     0 | D:1      | Reached XP level 1. HP: 13/13 MP: 3/3
   543 | D:1      | Gained mutation: You have large cloven feet. [demonic ancestry]
   543 | D:1      | Reached XP level 2. HP: 17/19 MP: 1/5
   546 | D:1      | Learned a level 1 spell: Animate Skeleton
  1471 | D:2      | Reached skill level 5 in Necromancy
  1560 | D:2      | Found a deep blue altar of Sif Muna.
  1580 | D:2      | Reached XP level 3. HP: 17/24 MP: 0/6
  2037 | D:2      | Learned a level 3 spell: Vampiric Draining
  2628 | D:2      | Reached XP level 4. HP: 11/30 MP: 0/7
  3057 | D:2      | Noticed Ijyb
  3074 | D:2      | Killed Ijyb
  3213 | D:2      | Learned a level 3 spell: Regeneration
  3389 | D:2      | Reached skill level 1 in Fighting
  3684 | D:3      | Gained mutation: You sometimes gain a little power by taking damage. [demonic ancestry]
  3684 | D:3      | Reached XP level 5. HP: 37/37 MP: 7/9
  4157 | D:3      | Found a sparkling altar of Nemelex Xobeh.
  4157 | D:3      | Found a basalt altar of Yredelemnul.
  4277 | D:3      | Found a glowing golden altar of the Shining One.
  4313 | D:3      | Found a stormy altar of Qazlal.
  4408 | D:3      | Noticed Robin
  4492 | D:2      | Killed Robin
  4663 | D:3      | Reached skill level 1 in Short Blades
  4836 | D:3      | Found a bloodstained altar of Trog.
  5063 | D:4      | Reached skill level 6 in Necromancy
  5110 | D:4      | Noticed a phantom
  5133 | D:5      | Entered Level 5 of the Dungeon
  5386 | D:5      | Reached skill level 1 in Charms
  5386 | D:5      | Reached XP level 6. HP: 31/43 MP: 3/10
  5928 | D:4      | Noticed a phantom
  6266 | D:4      | Noticed a phantom
  6298 | D:4      | Killed a phantom
  6447 | D:4      | Killed a phantom
  6447 | D:4      | Reached XP level 7. HP: 35/50 MP: 8/12
  6993 | D:5      | Found a shimmering altar of Xom.
  7181 | D:5      | Found a burning altar of Makhleb.
  7271 | D:6      | Noticed Dowan
  7272 | D:6      | Noticed Duvessa
  7308 | D:6      | Killed Duvessa
  7459 | D:5      | Killed Dowan
  7552 | D:5      | Your ally Dowan died
  7769 | D:6      | Your ally Duvessa died
  7871 | D:5      | Gained mutation: You have hoof-like feet. [demonic ancestry]
  7871 | D:5      | Reached XP level 8. HP: 24/58 MP: 4/14
  8004 | D:5      | Learned a level 4 spell: Animate Dead
  8176 | D:6      | Reached skill level 7 in Necromancy
  8448 | D:6      | Noticed Eustachio
  8478 | D:6      | Killed Eustachio
  9525 | D:6      | Reached skill level 5 in Short Blades
  9753 | D:7      | Found an ancient bone altar of Kikubaaqudgha.
  9763 | D:7      | Became a worshipper of Kikubaaqudgha
  9896 | D:7      | Reached skill level 5 in Dodging
  9896 | D:7      | Gained mutation: You are partially covered in sharp spines. [demonic ancestry]
  9896 | D:7      | Reached XP level 9. HP: 58/65 MP: 16/16
 10076 | D:7      | Reached skill level 8 in Necromancy
 10153 | D:7      | Reached skill level 5 in Spellcasting
 10206 | D:7      | Found a staircase to the Ecumenical Temple.
 10215 | Temple   | Entered the Ecumenical Temple
 10301 | D:7      | Reached * piety under Kikubaaqudgha
 10301 | D:7      | Received a gift from Kikubaaqudgha
 10302 | D:7      | Identified Kikubaaqudgha's Compendium of Evil (Kikubaaqudgha gifted it to you on level 7 of the Dungeon)
 10864 | D:8      | Learned a level 4 spell: Control Undead
 10867 | D:8      | Learned a level 2 spell: Sublimation of Blood
 11319 | D:8      | Found a blossoming altar of Fedhas.
 11323 | D:8      | Reached skill level 9 in Necromancy
 11527 | D:8      | Noticed MordorOrchid's ghost (novice SpEn)
 11908 | D:9      | Noticed a centaur zombie
 11921 | D:9      | Killed a centaur zombie
 11970 | D:9      | Found a staircase to the Lair.
 12369 | D:9      | Gained mutation: You sometimes gain power by taking damage. [demonic ancestry]
 12369 | D:9      | Reached XP level 10. HP: 67/71 MP: 13/18
 12520 | D:9      | Got a faintly humming cloak
 12531 | D:9      | Identified the +5 cloak of the Exiled Places {Str+3 Int+3 Dex-4} (You found it on level 9 of the Dungeon)
 12587 | D:9      | Found a staircase to the Orcish Mines.
 12599 | D:9      | Reached skill level 1 in Evocations
 12621 | D:9      | Reached skill level 10 in Necromancy
 12667 | D:9      | Reached ** piety under Kikubaaqudgha
 13150 | D:9      | Found Zin's Purification Station.
 13150 | D:9      | Found a glowing silver altar of Zin.
 13499 | Lair:1   | Entered Level 1 of the Lair of Beasts
 13853 | Lair:1   | Noticed Gastronok
 13882 | D:10     | Entered Level 10 of the Dungeon
 13969 | D:10     | Noticed a hill giant
 13972 | D:10     | Noticed a hill giant
 13973 | D:10     | Noticed a green ugly thing
 14156 | D:10     | Noticed a hill giant
 14579 | Lair:1   | Killed Gastronok
 14579 | Lair:1   | Reached skill level 5 in Fighting
 14582 | Lair:1   | Gained mutation: You are mostly covered in sharp spines. [demonic ancestry]
 14582 | Lair:1   | Reached XP level 11. HP: 58/79 MP: 16/21
 14747 | Lair:1   | Reached skill level 11 in Necromancy
 14780 | Lair:1   | Your ally Gastronok died
 14853 | Lair:1   | Learned a level 3 spell: Mephitic Cloud
 14887 | Lair:1   | Noticed a black mamba
 14892 | Lair:1   | Killed a black mamba
 15114 | Lair:1   | Reached *** piety under Kikubaaqudgha
 15114 | Lair:1   | Received a gift from Kikubaaqudgha
 15115 | Lair:1   | Identified Kikubaaqudgha's Guide on Black Secrets (Kikubaaqudgha gifted it to you on level 1 of the Lair of Beasts)
 15233 | Lair:1   | Reached skill level 1 in Conjurations
 15233 | Lair:1   | Reached skill level 1 in Poison Magic
 15241 | Lair:1   | Reached skill level 1 in Air Magic
 15275 | Lair:1   | Noticed Uberwunderbarhen's ghost (journeyman OpFi)
 15296 | Lair:1   | Killed Uberwunderbarhen's ghost
 16430 | Lair:2   | Reached **** piety under Kikubaaqudgha
 16936 | Lair:3   | Got a polished war axe
 17101 | Lair:3   | Noticed Nergalle
 17112 | Lair:3   | Noticed a spectral orc warlord
 17115 | Lair:3   | Killed Nergalle
 17115 | Lair:3   | Reached XP level 12. HP: 47/89 MP: 4/23
 18701 | Lair:4   | Reached ***** piety under Kikubaaqudgha
 18701 | Lair:4   | Reached skill level 12 in Necromancy
 18971 | Lair:4   | Found a staircase to the Swamp.
 19356 | Swamp:1  | Entered Level 1 of the Swamp
 19356 | Swamp:1  | Noticed Frances
 19914 | Lair:5   | Reached skill level 5 in Conjurations
 19993 | Lair:5   | Reached skill level 1 in Armour
 20130 | Lair:5   | Learned a level 5 spell: Agony
 20149 | Lair:5   | Noticed a four-headed hydra
 20159 | Lair:5   | Killed a four-headed hydra
 20627 | Lair:5   | Found a hole to the Spider Nest.
 21880 | Lair:6   | Reached XP level 13. HP: 67/98 MP: 14/25
 22292 | Lair:6   | Gained mutation: You can breathe flames. [potion of beneficial mutation]
 22703 | Lair:6   | Reached skill level 1 in Staves
 22900 | Lair:7   | Noticed an eight-headed hydra
 22908 | Lair:7   | Killed an eight-headed hydra
 23419 | Lair:7   | Found a viscous altar of Jiyva.
 23420 | Lair:7   | Found a staircase to the Slime Pits.
 23486 | Lair:7   | HP: 2/98 [seven-headed hydra (4)]
 23990 | D:10     | Noticed an iron golem
 23990 | D:10     | Noticed an iron golem
 23990 | D:10     | Noticed an iron golem
 23990 | D:10     | Noticed an iron golem
 24063 | Orc:1    | Entered Level 1 of the Orcish Mines
 24473 | Orc:2    | Reached ****** piety under Kikubaaqudgha
 24649 | Orc:2    | Found Wuablon's General Store.
 24835 | Orc:3    | Noticed an orc warlord
 25427 | Orc:2    | Killed an orc warlord
 25953 | Orc:4    | Entered Level 4 of the Orcish Mines
 26649 | D:8      | Killed MordorOrchid's ghost
 26776 | D:8      | Found a sacrificial altar of Ru.
 27208 | D:10     | Noticed a hill giant
 27223 | D:10     | Killed a hill giant
 27252 | D:10     | Killed a hill giant
 27274 | D:10     | Killed an iron golem
 27368 | D:10     | Noticed an unseen horror
 27375 | D:10     | Killed an unseen horror
 27379 | D:10     | Killed a green ugly thing
 27431 | D:10     | Killed a hill giant
 27467 | D:10     | Killed a hill giant
 27630 | D:11     | Noticed Josephine
 28184 | Lair:7   | Noticed a four-headed hydra
 28193 | Lair:7   | Killed a four-headed hydra
 28397 | Lair:8   | Entered Level 8 of the Lair of Beasts
 28505 | Lair:8   | Reached skill level 5 in Evocations
 29017 | Lair:8   | Gained mutation: You are partially covered in yellow scales (AC +2). [demonic ancestry]
 29017 | Lair:8   | Reached XP level 14. HP: 69/105 MP: 12/27
 29237 | Lair:8   | Reached skill level 13 in Necromancy
 30699 | Orc:4    | Learned a level 5 spell: Bolt of Draining
 30878 | Orc:4    | Found a staircase to the Elven Halls.
 30899 | Orc:4    | Reached skill level 5 in Charms
 30943 | Orc:4    | Found a roughly hewn altar of Beogh.
 30966 | Orc:4    | Found Epleitob's Distillery.
 30980 | Orc:4    | Bought a potion of heal wounds for 65 gold pieces
 30980 | Orc:4    | Bought a potion of curing for 39 gold pieces
 31273 | Orc:4    | Found a roughly hewn altar of Beogh.
 31752 | Orc:4    | Found a roughly hewn altar of Beogh.
 31774 | Orc:4    | Found Soph's Weapon Emporium.
 31841 | Orc:4    | Found a roughly hewn altar of Beogh.
 31935 | Orc:4    | Noticed an orc warlord
 32337 | Orc:4    | Killed an orc warlord
 32495 | Orc:4    | Found a roughly hewn altar of Beogh.
 32495 | Orc:4    | Found Goepni's Antique Armour Emporium.
 32496 | Orc:4    | Found Tubues's Antique Weapon Shoppe.
 32506 | Orc:4    | Bought a runed dagger for 56 gold pieces
 32517 | Orc:4    | Bought a pair of glowing gloves for 112 gold pieces
 32654 | Orc:4    | Bought a glowing leather armour for 50 gold pieces
 32864 | Orc:4    | Bought a potion of curing for 39 gold pieces
 32864 | Orc:4    | Bought a potion of resistance for 130 gold pieces
 32864 | Orc:4    | Bought a potion of beneficial mutation for 455 gold pieces
 32889 | Elf:1    | Entered Level 1 of the Elven Halls
 33295 | D:9      | Killed an iron golem
 33865 | D:11     | Killed Josephine
 33877 | D:11     | Noticed Maurice
 34083 | D:11     | Killed Maurice
 34281 | D:11     | Your ally Josephine died
 34331 | D:11     | Noticed Fannar
 34349 | D:11     | Killed Fannar
 34693 | D:11     | Reached skill level 10 in Spellcasting
 35148 | D:12     | Noticed Snorg
 35166 | D:12     | Killed Snorg
 35248 | D:12     | Reached skill level 10 in Dodging
 36170 | D:13     | Gained mutation: You are mostly covered in yellow scales (AC +3). [demonic ancestry]
 36170 | D:13     | Reached XP level 15. HP: 88/112 MP: 25/29
 36319 | D:13     | Found Doczejik's Magic Scroll Boutique.
 36354 | D:13     | Bought a scroll of teleportation for 39 gold pieces
 36354 | D:13     | Bought a scroll of identify for 26 gold pieces
 37330 | D:14     | Reached skill level 14 in Necromancy
 38099 | D:14     | Found a gate to the Vaults.
 38236 | D:15     | Entered Level 15 of the Dungeon
 38597 | D:15     | Noticed Nicoed's ghost (adept DrTm)
 38612 | D:15     | Killed Nicoed's ghost
 38678 | D:15     | Found a staircase to the Depths.
 38974 | Depths:1 | Entered Level 1 of the Depths
 39812 | Lair:4   | Killed Frances
 40686 | Swamp:2  | Noticed Jorgrun
 40707 | Swamp:2  | Killed Jorgrun
 41040 | Swamp:2  | Got a jewelled cloak
 41051 | Swamp:2  | Identified the +2 cloak of the Jolly Beds {Str+2 Int+3} (You found it on level 2 of the Swamp)
 41882 | Swamp:2  | Gained mutation: You are completely covered in yellow scales (AC +4, rCorr). [demonic ancestry]
 41882 | Swamp:2  | Reached XP level 16. HP: 13/121 MP: 12/30
 42533 | Swamp:3  | Noticed Mara
 42651 | Lair:4   | Your ally Frances died
 42750 | Spider:1 | Entered Level 1 of the Spider Nest
 43899 | Spider:3 | Noticed Nikola
 43899 | Spider:3 | Noticed Arachne
 44567 | Spider:4 | Entered Level 4 of the Spider Nest
 44576 | Spider:4 | Reached skill level 10 in Fighting
 44628 | Spider:4 | Noticed Asterion
 44635 | Spider:4 | Killed Asterion
 44659 | Spider:4 | Noticed hadoken's ghost (adept CeFi)
 44689 | Spider:4 | Killed hadoken's ghost
 44846 | Spider:4 | Your ally Asterion died
 45267 | Spider:4 | Reached skill level 15 in Necromancy
 45391 | Spider:3 | Killed Arachne
 45711 | Spider:3 | Killed from afar by Nikola

Action                   |  1- 3 |  4- 6 |  7- 9 | 10-12 | 13-15 | 16-18 || total
-------------------------+-------+-------+-------+-------+-------+-------++-------
Melee: Dagger            |    20 |    31 |       |       |   789 |       ||   840
       Club              |     2 |       |       |       |       |       ||     2
       Whip              |       |   151 |       |       |       |       ||   151
       Short sword       |       |    63 |   338 |   457 |  1206 |   312 ||  2376
       Staff             |       |       |       |     5 |    27 |       ||    32
Throw: Stone             |    24 |    12 |     4 |     6 |       |       ||    46
 Cast: Pain              |    86 |   153 |   181 |   198 |    71 |     6 ||   695
       Animate Skeleton  |     9 |    25 |    20 |    25 |    25 |     2 ||   106
       Regeneration      |       |     3 |     8 |     9 |    75 |    25 ||   120
       Vampiric Draining |       |       |    10 |    57 |    27 |     2 ||    96
       Animate Dead      |       |       |    13 |    53 |   177 |    45 ||   288
       Mephitic Cloud    |       |       |       |     4 |    20 |     4 ||    28
       Agony             |       |       |       |     1 |    47 |     9 ||    57
       Bolt of Draining  |       |       |       |       |    50 |    21 ||    71
       Control Undead    |       |       |       |       |     9 |       ||     9
       Sublimation of Bl |       |       |       |       |    22 |    13 ||    35
Invok: Receive Corpses   |       |       |       |     3 |    21 |     4 ||    28
 Abil: Breathe Fire      |       |       |       |       |     4 |       ||     4
Evoke: Wand              |       |       |       |     1 |     1 |       ||     2
  Use: Scroll            |       |    10 |     5 |    12 |    19 |     4 ||    50
       Potion            |       |       |       |       |     6 |       ||     6
 Stab: Distracted        |       |     1 |     3 |     3 |    21 |     9 ||    37
       Sleeping          |       |       |     1 |     5 |    10 |     2 ||    18
       Confused          |       |       |       |     1 |     6 |     1 ||     8
  Eat: Chunk             |     6 |    12 |    18 |    25 |    37 |     7 ||   105
       Fruit             |       |       |     8 |     5 |    19 |       ||    32
       Pizza             |       |       |     3 |     1 |     2 |       ||     6
       Beef jerky        |       |       |     2 |     3 |     8 |       ||    13
       Bread ration      |       |       |     2 |     1 |     1 |       ||     4
       Royal jelly       |       |       |       |       |     9 |     6 ||    15
       Meat ration       |       |       |       |       |     3 |       ||     3
